 Dungeon Crawl Stone Soup version 0.19.1 (webtiles) character file.

715 Ice the Cudgeler (level 7, -1/61 HPs)
             Began as a Minotaur Berserker on Dec 7, 2016.
             Was a Priest of Trog.
             Slain by Zanzabar's ghost (9 damage)
             ... on level 5 of the Dungeon.
             The game lasted 00:09:40 (2759 turns).

Ice the Cudgeler (Minotaur Berserker)               Turns: 2759, Time: 00:09:41

Health: -1/61      AC: 14    Str: 22    XL:     7   Next: 41%
Magic:  6/6        EV: 18    Int:  4    God:    Trog [***...]
Gold:   136        SH:  0    Dex: 16    Spells: 0 memorised, 6 levels left

rFire  . . .     SeeInvis .     y - +0 flail (protect)
rCold  . . .     Gourm    .     r - +0 scale mail
rNeg   . . .     Faith    .     (no shield)
rPois  .         Spirit   .     (helmet restricted)
rElec  .         Reflect  .     (no cloak)
rCorr  .         Harm     .     p - +0 pair of gloves
MR     .....                    (no boots)
Stlth  +.........               (no amulet)
                                (no ring)
                                (no ring)

@: agile, exhausted, protection aura, very slightly contaminated, slowed,
invisible, very slow
A: retaliatory headbutt, horns 2
a: Berserk, Trog's Hand, Burn Spellbooks, Renounce Religion


You were on level 5 of the Dungeon.
You worshipped Trog.
Trog was most pleased with you.
You were very hungry.

You visited 1 branch of the dungeon, and saw 5 of its levels.

You collected 136 gold pieces.

Inventory:

Hand Weapons
 a - a +0 short sword
 y - a +0 flail of protection (weapon)
Missiles
 e - 46 arrows
 f - 24 sling bullets
 k - 86 stones (quivered)
 z - 16 bolts
 A - 11 poisoned needles
Armour
 p - a +0 pair of gloves (worn)
 r - a +0 scale mail (worn)
Jewellery
 w - a cursed ring of ice {unknown}
Scrolls
 b - a scroll of fog {unknown}
 d - a scroll of noise {unknown}
 g - 2 scrolls of teleportation {unknown}
 h - 3 scrolls of identify {unknown}
 i - a scroll of magic mapping {unknown}
 m - a scroll of immolation {unknown}
 x - a scroll of remove curse {unknown}
Potions
 t - a potion of cure mutation {unknown}
 u - a potion of haste {unknown}
Comestibles
 c - 3 bread rations
 q - 2 chunks of flesh
 s - a royal jelly
 v - a meat ration


   Skills:
 - Level 5.1 Fighting
   Level 3.6(6.0) Axes
 + Level 7.5(7.9) Maces & Flails
 - Level 2.4 Armour
 - Level 5.0 Dodging


You had 6 spell levels left.
You didn't know any spells.

Dungeon Overview and Level Annotations

Branches:
Dungeon (5/15)
 Temple: D:4-7

Altars:

Annotations:
D:4 Eustachio, Sigmund
D:5 Zanzabar's ghost, novice MiFi


Innate Abilities, Weirdness & Mutations

You reflexively headbutt those who attack you in melee.
You have a pair of horns on your head.


Message History

* * * LOW HITPOINT WARNING * * *
Zanzabar's ghost hits you but does no damage.
It was a potion of invisibility.
You fade into invisibility!
Zanzabar's ghost barely misses you.
You are very lightly contaminated with residual magic.
You barely miss Zanzabar's ghost. You headbutt Zanzabar's ghost.
Zanzabar's ghost is moderately damaged.
Zanzabar's ghost barely misses you. Zanzabar's ghost completely misses you.
You furiously retaliate!
You headbutt Zanzabar's ghost. You closely miss Zanzabar's ghost.
Zanzabar's ghost is moderately damaged.
Zanzabar's ghost closely misses you. You furiously retaliate!
You headbutt Zanzabar's ghost, but do no damage.
You catch the helpless Zanzabar's ghost completely off-guard!
You hit Zanzabar's ghost but do no damage.
Your weapon exudes an aura of protection.
Zanzabar's ghost is moderately damaged.
Zanzabar's ghost hits you!
You die...

#. #.#
.## #.#
.....#
...%#
#.#.# #
#...#
..(.##..#
#..(.W@#
...###.##
#. .. ##[
.. #. ##


You could see Zanzabar's ghost.

Vanquished Creatures
  The ghost of meatyocre the Twirler, an amateur HuGl of Dithmenos (D:4)
  A phantom (D:4)
  A bullfrog zombie (D:4)
  A jelly (D:3)
  A centaur zombie (D:4)
  An orc priest (D:3)
  A bullfrog skeleton (D:4)
  A hound (D:4)
  An orc wizard (D:3)
  A worker ant (D:4)
  A hound skeleton (D:4)
  A worker ant zombie (D:4)
  2 gnolls (D:4)
  8 adders
  3 worms
  A dart slug (D:2)
  2 leopard geckos (D:3)
  2 orcs (D:3)
  4 giant cockroaches
  6 goblins
  10 hobgoblins
  5 jackals
  2 quokkas (D:3)
  7 bats
  4 frilled lizards
  12 kobolds
  A quokka zombie (D:4)
  9 rats
90 creatures vanquished.

Vanquished Creatures (others)
  An orc wizard (D:3)
1 creature vanquished.

Grand Total: 91 creatures vanquished

Notes
Turn   | Place    | Note
-------+----------+-------------------------------------------
     0 | D:1      | Ice the Minotaur Berserker began the quest for the Orb.
     0 | D:1      | Reached XP level 1. HP: 19/19 MP: 0/0
   156 | D:1      | Reached XP level 2. HP: 19/26 MP: 1/1
   768 | D:2      | Reached XP level 3. HP: 31/31 MP: 2/2
   826 | D:2      | Reached ** piety under Trog
   828 | D:2      | HP: 2/46 [poisoned by an adder]
  1206 | D:2      | Reached XP level 4. HP: 37/39 MP: 3/3
  1455 | D:2      | Reached skill level 5 in Dodging
  2195 | D:3      | Found a faded altar of an unknown god.
  2203 | D:3      | Reached skill level 5 in Fighting
  2203 | D:3      | Reached XP level 5. HP: 48/48 MP: 4/4
  2324 | D:3      | Reached skill level 1 in Maces & Flails
  2328 | D:3      | Reached skill level 2 in Maces & Flails
  2360 | D:3      | Reached skill level 3 in Maces & Flails
  2405 | D:3      | Reached *** piety under Trog
  2594 | D:4      | Reached XP level 6. HP: 56/56 MP: 5/5
  2667 | D:4      | Reached skill level 4 in Maces & Flails
  2695 | D:4      | Reached skill level 5 in Maces & Flails
  2710 | D:4      | Noticed meatyocre's ghost (amateur HuGl)
  2720 | D:4      | Noticed Eustachio
  2721 | D:4      | Noticed Sigmund
  2728 | D:4      | Reached skill level 6 in Maces & Flails
  2735 | D:4      | Killed meatyocre's ghost
  2735 | D:4      | Reached skill level 7 in Maces & Flails
  2735 | D:4      | Reached XP level 7. HP: 36/61 MP: 6/6
  2746 | D:5      | Entered Level 5 of the Dungeon
  2746 | D:5      | Noticed Zanzabar's ghost (novice MiFi)
  2759 | D:5      | Slain by Zanzabar's ghost

Skill      XL: |  1  2  3  4  5  6 |
---------------+-------------------+-----
Dodging        | 3 4 5 |  5.0
Fighting       | 5 |  5.1
Maces & Flails | 3 7 |  7.5
Axes           | |  3.6
Armour         | |  2.4

Action                   |  1- 3 |  4- 6 |  7- 9 || total
-------------------------+-------+-------+-------++-------
Melee: Hand axe          |    78 |    60 |       ||   138
       Headbutt          |    11 |    24 |     5 ||    40
       Flail             |       |    62 |    12 ||    74
Throw: Stone             |    40 |   115 |     2 ||   157
Invok: Berserk           |     1 |     1 |       ||     2
  Use: Potion            |     1 |       |     4 ||     5
 Stab: Sleeping          |     4 |       |       ||     4
       Invisible         |       |       |     1 ||     1
  Eat: Chunk             |     2 |     5 |       ||     7
Armor: Animal skin       |     9 |       |       ||     9
       Leather armour    |     5 |     3 |       ||     8
       Scale mail        |       |    57 |    13 ||    70
Dodge: Dodged            |    48 |    95 |    12 ||   155
